Map: Traitor's Exile

Players

Samodeyice

  • Race: Terran Terran
  • Spawn Location: 6:00

booface

  • Race: Zerg Zerg
  • Spawn Location: 5:00

Throwfordays - Winner!

  • Race: Protoss Protoss
  • League: Bronze
  • Spawn Location: 12:00

Faust - Winner!

  • Race: Zerg Zerg
  • League: Diamond
  • Spawn Location: 9:00

VOD

Have the link to the VOD?

Description

Time

  • Played on: Jan. 29, 2019, 6:03 p.m.
  • Length: 15:41
Show
View Real Time Build Order
Export as new Build Order

Samodeyice Terran 

Build Orders:  

Get SALT Encoding   

  12  0:01  SCV  
  13  0:13  SCV  
  14  0:24  Supply Depot  
  14  0:25  SCV  
  15  0:46  SCV  
  15  0:47  Barracks  
  16  0:58  SCV  
  17  1:10  SCV  
  18  1:12  Barracks  
  18  1:22  SCV  
  19  1:26  Barracks  
  19  1:34  SCV  
  19  1:35  Supply Depot  
  19  1:39  Barracks  
  20  1:46  SCV  
  21  1:58  SCV, Barracks  
  22  2:09  Marine  
  22  2:14  Marine x2  
  25  2:16  Supply Depot  
  25  2:27  Marine x2  
  27  2:49  Marine x5  
  32  3:07  Marine x5  
  37  3:24  Marine  
  37  3:25  Marine, Supply Depot  
  39  3:46  Marine x5  
  39  3:48  Supply Depot  
  44  4:04  Marine x3  
  44  4:09  Marine x2  
  49  4:22  Marine  
  28  4:55  Marine x4  
  28  4:59  Refinery  
  32  5:00  Refinery  
  32  5:13  Marine x4  
  36  5:14  Marine  
  37  5:31  Marine  
  37  5:32  Marine x4  
  42  5:40  Orbital Command  
  42  5:48  Marine  
  43  6:11  Command Center  
  43  6:15  Factory  
  43  6:16  Barracks Tech Lab x2  
  43  6:18  Barracks Reactor  
  42  6:30  Barracks Reactor  
  42  6:33  Barracks Reactor  
  42  6:48  Engineering Bay  
  42  7:01  Factory Tech Lab  
  42  7:05  Starport  
  38  7:52  Marauder  
  38  7:53  Marauder  
  42  7:59  Orbital Command  
  42  8:11  Viking  
  44  8:14  Marauder x2  
  44  8:16  Command Center  
  44  8:18  Missile Turret  
  48  8:23  SCV  
  49  8:35  SCV  
  49  8:40  Missile Turret  
  50  8:43  Orbital Command  
  50  8:48  SCV  
  51  8:50  Combat Shield  
  51  8:58  Siege Tank  
  51  9:00  SCV  
  51  9:02  Marine, Marauder x2  
  60  9:11  Stimpack  
  60  9:12  SCV  
  61  9:23  Marauder  
  63  9:26  Refinery  
  63  9:30  Siege Tank  
  66  9:34  Refinery  
  66  9:41  Orbital Command  
  66  9:44  Refinery  
  66  9:52  Medivac x2  
  70  9:55  Marauder x2  
  70  9:56  Marine x2  
  76  10:07  SCV x2  
  76  10:08  SCV  
  78  10:37  Marine x3, Marauder x2  
  85  10:45  Medivac x2  
  85  10:47  Supply Depot  
  85  10:49  SCV x2  
  92  10:50  SCV  
  92  11:01  SCV  
  92  11:03  Refinery  
  93  11:09  SCV x2  
  95  11:11  Marauder  
  95  11:12  Supply Depot, Siege Tank, Marauder  
  95  11:13  SCV  
  103  11:21  SCV x2  
  105  11:33  Marauder  
  105  11:35  Supply Depot  
  107  11:44  Siege Tank  
  81  12:10  Medivac x2  
  81  12:13  Marauder x2  
  89  12:17  Marine x2, Siege Tank  
  89  12:18  Marine x3  
  97  12:32  Engineering Bay  
  97  12:34  Marauder x2  
  97  12:35  Marine x2  
  103  12:39  SCV  
  103  12:40  Medivac x2  
  103  12:41  SCV x2  
  110  12:51  SCV  
  111  12:55  Marauder  
  117  13:24  Starport  
  117  13:26  Starport  
  56  15:03  Marauder  
  56  15:06  Marine x5  
  56  15:07  Marine  
  55  15:12  Starport Tech Lab x2  
  51  15:21  Fusion Core  
Show
View Real Time Build Order
Export as new Build Order

booface Zerg 

Build Orders: Hatch First 

Get SALT Encoding   

  12  0:01  Drone  
  13  0:13  Overlord  
  13  0:18  Drone  
  14  0:37  Drone x3  
  17  1:07  Drone  
  17  1:09  Drone  
  19  1:12  Overlord  
  19  1:14  Hatchery  
  18  1:22  Extractor  
  18  1:25  Spawning Pool  
  16  1:39  Drone  
  17  1:48  Drone x2  
  19  1:55  Drone  
  20  2:04  Drone  
  21  2:14  Queen  
  23  2:15  Zergling x2  
  24  2:25  Zergling x2  
  24  2:26  Zergling x2  
  26  2:33  Queen  
  28  2:38  Zergling x4  
  28  2:40  Baneling Nest  
  28  2:43  Metabolic Boost  
  29  2:46  Zergling x2  
  29  2:47  Zergling x2  
  31  2:56  Zergling x2  
  31  2:58  Zergling x2  
  33  3:08  Zergling x4  
  35  3:27  Zergling x2  
  36  3:43  Overlord x5  
  36  3:49  Baneling x6  
  35  4:01  Queen  
  32  4:10  Zergling x12  
  32  4:11  Zergling x4  
  37  4:19  Zergling x4  
  37  4:21  Zergling x2  
  37  4:27  Drone  
  37  4:28  Zergling x2  
  39  4:48  Drone x2  
  39  4:49  Drone  
  42  4:53  Overlord x2  
  41  5:01  Baneling x6  
  41  5:02  Drone  
  41  5:06  Drone  
  43  5:15  Drone x2  
  43  5:16  Drone x2  
  43  5:20  Extractor  
  43  5:37  Drone x5  
  43  5:41  Drone  
  43  5:42  Roach Warren  
  48  5:56  Drone x3  
  48  5:57  Drone x2  
  52  6:23  Roach x6  
  52  6:24  Roach  
  66  6:35  Drone x4  
  70  6:42  Spore Crawler  
  70  6:45  Spore Crawler, Drone  
  70  6:46  Lair  
  64  6:51  Extractor  
  67  6:54  Roach x3  
  67  6:55  Extractor  
  67  6:56  Drone x2  
  70  7:04  Evolution Chamber  
  70  7:06  Evolution Chamber  
  66  7:13  Roach x4  
  58  7:27  Roach x2  
  56  7:37  Queen  
  54  7:51  Roach x4  
  54  7:56  Drone x2  
  58  8:16  Hydralisk Den  
  57  8:23  Glial Reconstitution  
  57  8:33  Drone  
  58  8:40  Extractor  
  58  8:41  Drone  
  58  8:45  Drone  
  58  8:48  Roach  
  61  8:51  Roach  
  61  8:54  Roach  
  65  8:58  Hydralisk  
  65  9:02  Drone  
  68  9:03  Drone  
  68  9:05  Drone  
  68  9:09  Overlord  
  70  9:15  Overseer  
  70  9:16  Drone x2  
  72  9:17  Drone  
  73  9:28  Hydralisk x2  
  77  9:35  Hydralisk x2  
  81  9:41  Hydralisk x2  
  81  9:45  Hydralisk  
  85  9:48  Hydralisk  
  89  9:56  Hydralisk  
  91  10:10  Overlord x4  
  91  10:28  Overseer, Drone  
  91  10:29  Drone x4  
  91  10:33  Overlord  
  96  10:37  Muscular Augments  
  96  10:44  Hydralisk  
  96  10:45  Hatchery  
  97  10:54  Drone x3  
  100  11:08  Pneumatized Carapace  
  100  11:09  Hydralisk x3  
  106  11:13  Queen, Extractor  
  106  11:16  Extractor  
  106  11:24  Hydralisk x2  
  110  11:25  Hydralisk  
  112  11:39  Hydralisk x3  
  110  11:48  Grooved Spines  
  100  11:56  Hydralisk x4  
  102  12:07  Hydralisk x3  
  108  12:11  Hydralisk  
  108  12:12  Hydralisk  
  108  12:15  Drone  
  113  12:20  Queen  
  115  12:23  Drone  
  115  12:25  Drone  
  115  12:27  Drone x2  
  119  12:32  Drone  
  119  12:34  Zerg Missile Weapons Level 1  
  120  12:39  Zerg Ground Armor Level 1  
  120  12:40  Drone  
  120  12:42  Drone  
  122  12:50  Hydralisk  
  124  12:52  Drone  
  124  12:53  Lurker Den, Drone  
  124  12:54  Drone  
  124  12:57  Drone  
  127  13:05  Hydralisk x2  
  131  13:09  Hydralisk  
  131  13:10  Hydralisk  
  135  13:15  Hydralisk  
  135  13:18  Overlord  
  137  13:20  Overlord  
  135  13:39  Hydralisk x5  
  145  13:45  Hydralisk x2  
  145  13:48  Drone  
  150  14:03  Hydralisk x2  
  154  14:15  Overlord x6  
  122  14:44  Hydralisk x4  
  78  14:46  Hydralisk x2  
  78  14:47  Hydralisk  
  78  14:52  Hydralisk  
  82  14:57  Hydralisk  
  84  15:03  Hydralisk  
  86  15:09  Hydralisk  
  86  15:13  Hydralisk  
Show
View Real Time Build Order
Export as new Build Order

Throwfordays Protoss - Winner!

Build Orders: 1 Gate Expand 

Get SALT Encoding   

  12  0:01  Probe  
  13  0:15  Pylon  
  13  0:18  Probe  
  14  0:30  Probe  
  15  0:41  Gateway  
  15  0:42  Probe  
  16  0:54  Probe  
  16  0:56  Assimilator  
  17  1:06  Probe  
  18  1:28  Cybernetics Core  
  18  1:34  Warp Gate  
  18  1:35  Probe  
  19  1:42  Nexus  
  19  1:47  Probe  
  19  1:50  Pylon  
  20  2:08  Gateway  
  20  2:15  Gateway  
  20  2:27  Gateway  
  20  2:39  Pylon  
  20  2:46  Probe  
  21  2:55  Probe  
  21  2:58  Probe  
  23  3:07  Probe  
  23  3:10  Probe  
  26  3:20  Assimilator, Probe  
  26  3:22  Probe  
  27  3:31  Adept x2  
  27  3:32  Probe  
  32  3:34  Probe  
  32  3:39  Stalker  
  35  3:43  Adept  
  35  3:44  Probe  
  35  3:46  Probe  
  39  3:56  Adept  
  39  3:57  Adept  
  39  3:58  Probe  
  44  4:07  Adept x2  
  38  4:20  Adept x2  
  22  4:46  Probe  
  22  4:48  Probe  
  24  4:58  Probe  
  25  5:00  Probe  
  26  5:10  Probe  
  26  5:13  Probe  
  28  5:22  Probe  
  28  5:25  Probe  
  30  5:34  Probe  
  30  5:35  Probe  
  32  5:42  Probe  
  32  5:47  Probe  
  34  5:51  Probe  
  34  5:55  Assimilator  
  35  5:59  Assimilator, Probe  
  35  6:01  Probe  
  37  6:07  Probe  
  38  6:13  Adept, Probe  
  38  6:14  Adept x2  
  38  6:17  Probe  
  45  6:21  Pylon  
  45  6:25  Pylon  
  46  6:38  Probe  
  46  6:39  Probe  
  48  6:46  Probe  
  48  6:51  Probe  
  50  6:54  Probe  
  51  7:02  Probe  
  51  7:03  Probe  
  53  7:08  Stalker x2  
  53  7:09  Stalker x2  
  53  7:12  Probe  
  62  7:21  Pylon  
  62  7:23  Pylon  
  62  7:30  Pylon  
  62  7:32  Pylon  
  62  7:34  Pylon  
  62  7:39  Probe x2  
  64  7:46  Stalker x3  
  70  7:57  Probe  
  71  8:04  Pylon  
  71  8:09  Probe  
  71  8:11  Forge  
  72  8:19  Protoss Ground Weapons Level 1  
  72  8:20  Pylon  
  72  8:21  Probe  
  73  8:28  Twilight Council  
  73  8:33  Probe  
  74  8:35  Pylon  
  74  8:45  Probe  
  75  8:52  Nexus  
  75  9:08  Photon Cannon  
  75  9:09  Photon Cannon  
  75  9:12  Photon Cannon  
  75  9:13  Probe  
  75  9:16  Assimilator  
  76  9:20  Resonating Glaives  
  76  9:21  Assimilator  
  76  9:25  Probe  
  76  9:26  Pylon  
  77  9:32  Pylon  
  77  9:38  Probe  
  78  9:50  Probe  
  79  9:58  Robotics Facility  
  79  9:59  Robotics Facility  
  79  10:01  Protoss Ground Weapons Level 2  
  79  10:02  Robotics Facility, Probe  
  80  10:13  Sentry x2  
  84  10:43  Probe  
  84  10:46  Probe  
  86  10:50  Probe  
  86  10:53  Immortal  
  86  10:54  Immortal x2  
  86  10:55  Probe  
  86  10:56  Gateway  
  88  10:58  Probe  
  88  11:01  Blink, Gateway  
  88  11:02  Probe  
  102  11:07  Probe  
  102  11:11  Probe  
  104  11:14  Probe  
  105  11:20  Probe  
  105  11:25  Adept x2  
  108  11:26  Adept  
  108  11:28  Adept  
  108  11:32  Probe, Immortal x3  
  125  11:47  Robotics Bay  
  117  11:58  Adept x4  
  117  11:59  Adept x2  
  129  12:21  Forge  
  129  12:57  Colossus x3  
  129  13:02  Charge  
  146  13:29  Stalker  
  146  13:30  Stalker x4  
  146  13:32  Protoss Shields Level 1  
  156  13:34  Extended Thermal Lance  
  156  13:36  Pylon  
  156  13:54  Immortal x2  
  164  14:07  Observer  
  135  15:37  Nexus  
Show
View Real Time Build Order
Export as new Build Order

Faust Zerg - Winner!

Build Orders: Hatch First 

Get SALT Encoding   

  12  0:01  Drone  
  13  0:09  Drone  
  13  0:13  Extractor  
  13  0:16  Drone  
  15  0:23  Overlord  
  15  0:45  Drone x2  
  17  0:57  Hatchery  
  17  0:58  Drone  
  17  1:14  Spawning Pool  
  17  1:15  Drone  
  17  1:20  Extractor  
  17  1:22  Drone  
  17  1:32  Overlord  
  17  1:33  Drone  
  17  1:39  Drone  
  19  2:00  Queen  
  21  2:02  Zergling x4  
  23  2:12  Queen  
  23  2:13  Zergling x4  
  27  2:23  Metabolic Boost  
  27  2:24  Overlord  
  27  2:30  Drone  
  27  2:31  Drone  
  29  2:45  Drone  
  29  2:46  Baneling Nest  
  29  3:05  Drone  
  29  3:06  Drone x4, Overlord  
  30  3:33  Zergling x8  
  30  3:34  Zergling x2  
  35  3:36  Zergling x6  
  38  3:46  Roach Warren  
  38  3:47  Zergling x2  
  38  3:48  Zergling x2  
  39  3:58  Baneling x2  
  39  3:59  Baneling x2  
  39  4:01  Zergling x6  
  39  4:02  Zergling x4  
  41  4:38  Zergling x14  
  47  4:51  Baneling  
  47  4:52  Baneling  
  47  4:58  Drone x3  
  47  4:59  Drone  
  51  5:15  Overlord  
  51  5:16  Overlord  
  51  5:32  Hatchery  
  48  5:49  Baneling x2  
  48  5:51  Roach x9  
  48  5:52  Overlord  
  48  5:53  Overlord  
  48  5:57  Lair  
  66  5:59  Evolution Chamber  
  66  6:01  Drone  
  66  6:14  Baneling  
  63  6:58  Drone x4  
  66  7:08  Hydralisk Den  
  61  7:21  Baneling x2  
  41  7:47  Drone  
  41  7:48  Drone x11  
  41  7:49  Overlord  
  41  7:50  Overlord x2  
  49  7:54  Extractor  
  49  7:55  Zerg Missile Weapons Level 1  
  46  8:01  Queen, Drone x4, Evolution Chamber  
  46  8:03  Overlord  
  51  8:14  Extractor, Drone x3  
  51  8:15  Extractor  
  51  8:19  Extractor, Drone  
  52  8:28  Drone  
  52  8:30  Drone x3  
  52  8:32  Zerg Ground Armor Level 1  
  52  8:34  Drone x4  
  58  8:35  Drone x2  
  62  8:43  Drone  
  62  8:44  Drone  
  62  8:45  Extractor, Overlord  
  63  8:53  Hatchery  
  63  8:54  Overlord  
  63  8:55  Overlord  
  62  8:57  Drone  
  63  9:05  Drone x2  
  65  9:12  Drone  
  65  9:13  Lurker Den, Drone  
  66  9:20  Muscular Augments  
  66  9:21  Glial Reconstitution  
  66  9:26  Zergling x18  
  75  9:46  Hatchery  
  75  9:49  Infestation Pit  
  75  9:50  Zerg Missile Weapons Level 2  
  73  9:53  Drone x3  
  76  10:01  Drone  
  76  10:02  Drone x2  
  80  10:07  Roach x9  
  80  10:08  Roach x3  
  94  10:19  Queen, Spire  
  95  10:38  Hydralisk x8  
  111  10:48  Hydralisk x4  
  119  10:51  Drone  
  119  10:52  Drone x5  
  125  11:01  Hive  
  125  11:19  Zergling x2  
  125  11:20  Zergling x32  
  142  11:25  Extractor  
  142  11:27  Drone  
  142  11:28  Overlord x3  
  142  11:29  Extractor, Overlord  
  132  12:02  Drone x3  
  132  12:08  Zerg Ground Armor Level 2  
  135  12:14  Zerg Missile Weapons Level 3  
  135  12:18  Greater Spire  
  135  12:21  Drone x3  
  138  12:24  Hatchery  
  138  12:26  Drone x3  
  140  12:43  Baneling  
  140  12:44  Baneling x15  
  140  12:46  Zergling x16  
  140  12:47  Adrenal Glands  
  148  12:54  Evolution Chamber  
  148  12:58  Queen  
  149  13:00  Drone x4  
  149  13:01  Drone x6  
  159  13:21  Centrifical Hooks  
  159  13:24  Zerg Melee Weapons Level 1  
  159  13:27  Overlord  
  159  13:28  Overlord x6  
  159  13:29  Overlord  
  157  13:44  Corruptor x4  
  157  13:45  Corruptor  
  167  13:53  Zergling x2  
  167  13:54  Zergling x30  
  159  14:33  Corruptor  
  159  14:34  Corruptor x3  
  151  14:43  Brood Lord x5  
  151  14:44  Corruptor x3  
  151  14:45  Corruptor x5  
  170  14:52  Zergling x2  
  170  14:53  Zergling x26  
  183  15:13  Brood Lord  
  184  15:15  Brood Lord  
  185  15:37  Hatchery  
Tags
 
Add a new tag
Caveats
  • Supply blocks, unpowered buildings, or Contaminate may cause inaccurate times.
  • Supply counts are checked every 10 seconds.